 Dungeon Crawl Stone Soup version 0.29-a0-919-gd064cfad1c (webtiles) character file.

Game seed: 17905998423465303802

42 scionoferis the Caller (level 3, -1/21 HPs)
             Began as an Octopode Summoner on July 26, 2022.
             Slain by an iguana (9 damage)
             ... on level 2 of the Dungeon.
             The game lasted 00:03:59 (1452 turns).

scionoferis the Caller (Octopode Summoner)          Turns: 1452, Time: 00:03:59

Health: -1/21      AC:  1    Str:  7    XL:     3   Next: 54%
Magic:  1/6        EV: 13    Int: 19    God:
Gold:   74         SH:  0    Dex: 12    Spells: 0/7 levels left

rFire   . . .      SeeInvis .   c - +2 whip (vamp)
rCold   . . .      Faith    .   (no shield)
rNeg    . . .      Spirit   .   (helmet restricted)
rPois   .          Reflect  .   (no amulet)
rElec   .          Harm     .   (no ring)
rCorr   .          Rampage  .   (no ring)
Will    .....                   (no ring)
Stlth   +++.......              (no ring)
HPRegen 0.07/turn               (no ring)
MPRegen 0.10/turn               (no ring)
                                (no ring)
                                (no ring)

@: no status effects
A: almost no armour, amphibious, 8 rings, camouflage 1, gelatinous body 1,
(nimble swimmer 1), tentacles
a: no special abilities


You were on level 2 of the Dungeon.
You visited 1 branch of the dungeon, and saw 2 of its levels.

You collected 74 gold pieces.

Inventory:

Hand Weapons
 c - a +2 vampiric whip (weapon)
 l - a +0 dagger
Missiles
 b - 4 poisoned darts
 d - 16 stones
Scrolls
 h - a scroll of teleportation {unknown}
 i - a scroll of magic mapping {unknown}
 j - 2 scrolls of identify {unknown}
 k - a scroll of amnesia {unknown}
 m - a scroll of fear {unknown}
Potions
 a - a potion of magic
 e - 2 potions of degeneration {unknown}
 f - a potion of ambrosia {unknown}
 g - a potion of haste {unknown}


   Skills:
 - Level 2.0 Dodging
 - Level 2.6 Stealth
 + Level 2.5 Spellcasting
 + Level 0.4 Hexes
 * Level 4.8 Summonings


You couldn't memorise any spells.
You knew the following spells:

 Your Spells              Type           Power      Damage    Failure   Level
a - Summon Small Mammal   Summ           80%        N/A       2%          1
b - Summon Guardian Gole  Hex/Summ       12%        N/A       16%         3
c - Call Canine Familiar  Summ           20%        N/A       7%          3

Your spell library contained the following spells:

 Spells                   Type           Power      Damage    Failure   Level
 Call Imp                 Summ           20%        N/A       3%          2
 Frozen Ramparts          Ice            4%         1d2       43%         3
 Summon Ice Beast         Ice/Summ       11%        N/A       52%         4
 Summon Lightning Spire   Summ/Air       11%        N/A       52%         4
 Ice Form                 Ice/Tmut       2%         N/A       85%         4


Dungeon Overview and Level Annotations

Branches:
Dungeon (2/15)

Altars:

Shops:
D:1 ?


Innate Abilities, Weirdness & Mutations

You cannot wear most types of armour.
You are amphibious.
You can wear up to eight rings at the same time.
Your skin changes colour to match your surroundings (Stealth+).
Your rubbery body absorbs attacks. (AC +1, EV +1)
((You are camouflaged when in or above water. (Stealth+)))
You have tentacles for arms and can constrict up to eight enemies at once.


Message History

a +0 whip; a kobold corpse A frilled lizard comes into view.
The frilled lizard hisses angrily.
You barely miss the frilled lizard. Your grab misses the frilled lizard.
Your squeeze misses the frilled lizard. The frilled lizard bites you.
You hit the frilled lizard.
You kill the frilled lizard!
HP restored.
An iguana comes into view.
Casting: Summon Small Mammal (safe; 2% risk of failure)
Confirm with . or Enter, or press ? or * to list all spells.
The spell is quite dangerous to miscast (7% risk of failure)!
Continue anyway?
A ball python comes into view.
Your hound bites the iguana but does no damage.
Your hound bites the iguana but does no damage.
The iguana bites your hound!
Your hound dies!
Your hound's corpse disappears in a puff of smoke!
Casting: Call Canine Familiar (quite dangerous; 7% risk of failure)
Confirm with . or Enter, or press ? or * to list all spells.
The spell is quite dangerous to miscast (7% risk of failure)!
Continue anyway?
The ball python closely misses you. The ball python grabs you.
The ball python constricts you. The iguana bites you.
You hit the ball python.
You feel better.
You kill the ball python!
The iguana closely misses you.
You closely miss the iguana. You grab the iguana. You constrict the iguana.
The iguana closely misses you.
Your hound bites the iguana.
You hit the iguana.
You squeeze the iguana, but do no damage.
The iguana is moderately wounded.
You constrict the iguana.
Your hound bites the iguana but does no damage.
The iguana bites you!
Ouch! That really hurt!
Your hound bites the iguana.
You hit the iguana but do no damage.
The iguana is heavily wounded.
You constrict the iguana. The iguana bites you!
You die...

#.....# # ##...##
.# #...# #.##
##)####...####
######............
#.........#..[####
##......##.###.#
#.....#.........#
#.#h@.####.###. #
#...!l....#.#
#.#.##........ #.
##....### ..#.##
###.# .. ..


You could see an iguana (ally target) and a friendly hound (summoned).

Vanquished Creatures
  An endoplasm (D:1)
  3 giant cockroaches (D:1)
  5 hobgoblins (D:1)
  2 jackals (D:1)
  A kobold (D:2)
  3 quokkas (D:1)
  3 ball pythons
  2 bats (D:1)
  4 frilled lizards
  2 goblins (D:1)
  10 rats (D:1)
36 creatures vanquished.

Vanquished Creatures (collateral kills)
  2 jackals (D:1)
  A ball python (D:1)
  A frilled lizard (D:1)
4 creatures vanquished.

Grand Total: 40 creatures vanquished

Notes
Turn   | Place    | Note
-------+----------+-------------------------------------------
     0 | D:1      | scionoferis the Octopode Summoner began the quest for the
                  | Orb.
     0 | D:1      | Reached XP level 1. HP: 11/11 MP: 3/3
   305 | D:1      | Reached XP level 2. HP: 17/17 MP: 3/5
   308 | D:1      | Found Huxuuxo's Magic Scroll Emporium.
   842 | D:1      | Reached XP level 3. HP: 21/21 MP: 6/6
   846 | D:1      | Learned a level 3 spell: Summon Guardian Golem
  1353 | D:1      | Learned a level 3 spell: Call Canine Familiar
  1452 | D:2      | Slain by an iguana

Illustrated notes

Levels and vault maps discovered:
D:1:      dpeg_arrival_ratfight, layout_basic, serial_shops,
          nicolae_diamond_shop, minmay_misc_feat_enclosed,
          wander_ebering_terrifying_dragon_lair
D:2:      layout_loops_cross, minivault_27

Action                   || total
-------------------------++-------
Melee: Unarmed           ||    11
       Constrict         ||    18
       Tentacles         ||     8
       Punch             ||     1
       Whip              ||    64
 Cast: Summon Small Mamm ||     7
       Call Canine Famil ||     2
 Stab: Sleeping          ||    12
Armor: Skin              ||     3
Dodge: Dodged            ||    38

Table legend: (Time is in decaauts)
 A = Elapsed time spent in this place.
 B = Non-inter-level travel time spent in this place.
 C = Inter-level travel time spent in this place.
 D = Time resting spent in this place.
 E = Time spent auto-exploring this place.
 F = Levels seen in this place.
 G = Mean time per level.
                   A        B        C        D        E       F      G
               +--------+--------+--------+--------+--------+-----+--------+
         Total |   1457 |   1315 |    142 |    178 |    800 |   2 |  728.5 |
       Dungeon |   1457 |   1315 |    142 |    178 |    800 |   2 |  728.5 |
               +--------+--------+--------+--------+--------+-----+--------+

Top non-repeatable levels by time:
     D:1: 1359 daAuts
     D:2: 98 daAuts
